 Dungeon Crawl Stone Soup version 0.27.1-3-gb3d3a73c9e (webtiles) character file.

Game seed: 10269116069310732462

1 Descartes the Sneak (level 1, 0/11 HPs)
             Began as a Spriggan Delver on Oct 18, 2021.
             Slain by a centaur zombie (1 damage)
             ... on level 4 of the Dungeon.
             The game lasted 00:01:47 (194 turns).

Descartes the Sneak (Spriggan Delver)                Turns: 194, Time: 00:01:47

Health: 0/11       AC:  2    Str:  8    XL:     1   Next: 16%
Magic:  2/2        EV: 17    Int: 11    God:
Gold:   0          SH:  0    Dex: 16    Spells: 0/0 levels left

rFire    . . .     SeeInvis +   a - +0 short sword
rCold    . . .     Faith    .   (shield restricted)
rNeg     . . .     Spirit   .   b - +0 robe
rPois    .         Reflect  .   (helmet restricted)
rElec    .         Harm     .   (no cloak)
rCorr    .         Rampage  .   (gloves unavailable)
Will     .....                  (boots unavailable)
Stlth    ++++......             (no amulet)
HPRegen  0.03/turn              (no ring)
MPRegen  0.08/turn              (no ring)

@: very quick
A: very small, no large weapons, unfitting armour, see invisible, speed 3
a: no special abilities


You were on level 4 of the Dungeon.
You visited 1 branch of the dungeon, and saw 2 of its levels.

Inventory:

Hand Weapons
 a - a +0 short sword (weapon)
Missiles
 h - 14 poisoned darts (quivered)
Armour
 b - a +0 robe (worn)
Wands
 g - a wand of digging (3)
Scrolls
 c - a scroll of fog
 d - a scroll of magic mapping
 e - a scroll of holy word {unknown}


   Skills:
 - Level 2.4 Fighting
 + Level 2.2 Short Blades
 + Level 2.7 Dodging
 + Level 7.2 Stealth


You couldn't memorise any spells.
You didn't know any spells.
Your spell library was empty.

Dungeon Overview and Level Annotations

Branches:
Dungeon (5/15)
 Temple: D:4-7

Altars:

Annotations:
D:5 Eustachio


Innate Abilities, Weirdness & Mutations

You are very small and have problems with some larger weapons.
You are too small for most types of armour.
You have supernaturally acute eyesight. (SInv)
You cover ground extremely quickly. (Speed+++)


Message History

There is a stone staircase leading up here.
Eustachio casts a spell.
Eustachio blinks!
You feel yourself slow down.
e - a scroll labelled ECOMUJULUO Eustachio gestures wildly while chanting.
Eustachio blinks!
Eustachio gestures wildly while chanting.
Eustachio blinks!
Eustachio mumbles some strange words.
Eustachio blinks!
Eustachio mumbles some strange words.
Eustachio blinks!
Eustachio casts a spell.
Eustachio blinks!
Eustachio mumbles some strange words.
Eustachio blinks!
Eustachio gestures wildly while chanting.
Eustachio blinks!
There is a stone staircase leading up here.
You climb upwards.
Found 8 gold pieces and 10 arrows.
There is a stone staircase leading down here.
You are too injured to fight recklessly!
You are too injured to fight recklessly!
You are too injured to fight recklessly!
There are monsters nearby!
The helpless hobgoblin fails to defend itself.
You impale the hobgoblin!!
You kill the hobgoblin!
The centaur zombie hits you.
* * * LOW HITPOINT WARNING * * *
The centaur zombie barely misses you.
You hit the centaur zombie but do no damage.
The centaur zombie barely misses you. The centaur zombie misses you.
The endoplasm barely misses you.
You hit the centaur zombie.
The centaur zombie is lightly damaged.
The centaur zombie closely misses you. The centaur zombie kicks you.
You die...

###......#
##.........#
#...........
...........
#.........#
#.........#
#.Z.......#
#.@J......##
##.........#
#.........##
#.(........#
##..>....$..
#...####...
##.## ###


You could see a centaur zombie and an endoplasm.

Vanquished Creatures
  A hobgoblin (D:4)
1 creature vanquished.

Notes
Turn   | Place    | Note
-------+----------+-------------------------------------------
     0 | D:5      | Descartes the Spriggan Delver began the quest for the Orb.
     0 | D:5      | Reached XP level 1. HP: 11/11 MP: 2/2
   108 | D:5      | Noticed Eustachio
   194 | D:4      | Slain by a centaur zombie

Illustrated notes

Levels and vault maps discovered:
D:4:      minmay_general_purpose_star, layout_cave_pools,
          grunt_temple_overflow_magic_moments, minmay_temple_entry_poolview,
          nicolae_shop_sticking_my_neck_out, uniq_blork_the_orc
D:5:      minmay_goblin_kobold_castle, layout_loops_cross, uniq_eustachio

Action                   || total
-------------------------++-------
Melee: Short sword       ||    13
  Use: Scroll            ||     1
       Potion            ||     1
 Stab: Sleeping          ||     2
Dodge: Dodged            ||     9
